 Dungeon Crawl Stone Soup version 0.22-a0-135-g6f012ad (webtiles) character file.

15 KristoblXynda the Caller (level 2, -1/19 HPs)
             Began as a Mummy Summoner on Jan 31, 2018.
             Slain by a giant cockroach (2 damage)
             ... on level 1 of the Dungeon.
             The game lasted 00:01:43 (756 turns).

KristoblXynda the Caller (Mummy Summoner)            Turns: 756, Time: 00:01:44

Health: -1/19      AC:  2    Str: 11    XL:     2   Next: 34%
Magic:  2/6        EV: 12    Int: 14    God:
Gold:   20         SH:  0    Dex: 12    Spells: 6/7 levels left

rFire    x . .     SeeInvis .   c - +0 dagger
rCold    + . .     Gourm    .   (no shield)
rNeg     + + +     Faith    .   a - +0 robe
rPois    ∞         Spirit   .   (no helmet)
rElec    .         Reflect  .   (no cloak)
rCorr    .         Harm     .   (no gloves)
MR       .....                  (no boots)
Stlth    ++........             (no amulet)
HPRegen  0.06/turn              (no ring)
MPRegen  0.10/turn              (no ring)

@: no status effects
A: no food or potions, fire vulnerability, cold resistance 1, negative energy
resistance 3, torment resistance, unbreathing
a: no special abilities


You were on level 1 of the Dungeon.
You were not hungry.

You visited 1 branch of the dungeon, and saw 1 of its levels.

You collected 20 gold pieces.

Inventory:

Hand Weapons
 c - a +0 dagger (weapon)
Armour
 a - a +0 robe (worn)
Scrolls
 d - a scroll of enchant armour {unknown}
 e - a scroll of teleportation {unknown}
Books
 b - a book of Callings

   Spells                             Type                      Level
   a - Summon Small Mammal            Summoning                    1
   b - Call Imp                       Summoning                    2
   c - Call Canine Familiar           Summoning                    3
   d - Summon Guardian Golem          Hexes/Summoning              3
   e - Summon Lightning Spire         Summoning/Air                4
   f - Summon Ice Beast               Ice/Summoning                4


   Skills:
 - Level 1.5 Dodging
 - Level 1.5 Stealth
 + Level 3.1 Spellcasting
 * Level 3.6 Summonings


You had 6 spell levels left.
You knew the following spells:

 Your Spells              Type           Power        Failure   Level  Hunger
a - Summon Small Mammal   Summ           ##..         4%          1    N/A

Dungeon Overview and Level Annotations

Branches:
Dungeon (1/15)

Altars:


Innate Abilities, Weirdness & Mutations

You do not eat or drink.
Your flesh is vulnerable to fire.
You are immune to poison.
Your flesh is cold resistant. (rC+)
You are immune to negative energy. (rN+++)
You are immune to unholy pain and torment.
You can survive without breathing.


Message History

Your bat misses the giant cockroach.
Your bat barely misses the giant cockroach.
The giant cockroach barely misses you.
Your rat barely misses the giant cockroach.
You hit the giant cockroach but do no damage.
Your bat hits the giant cockroach but does no damage.
The giant cockroach barely misses you.
Your rat barely misses the giant cockroach.
You hit the giant cockroach.
The giant cockroach is moderately wounded.
The giant cockroach bites you but does no damage.
Your bat barely misses the giant cockroach.
Your rat closely misses the giant cockroach.
You hit the giant cockroach but do no damage.
The giant cockroach is moderately wounded.
Your bat hits the giant cockroach but does no damage. x2
The giant cockroach bites you.
* * * LOW HITPOINT WARNING * * *
The giant cockroach bites you.
You die...

.........##.##.#
....####.......#
.......†.##.##.#
...#.###.......# .....#
####.#### .#...#### #.#
....#...###.# #########
.........##.######r......###.#
#.........#.....@s)##...†....#
...........######..##.##.#####
#...........# #.b...# .#
#...........# ##.#### s#
..........#.# #.# ?#
...#.....##.# #.. .#
#.###..>## .# #### ## #. #####
.. .#


You could see a giant cockroach, a friendly bat and a friendly rat.

Vanquished Creatures
  A giant cockroach (D:1)
  2 goblins (D:1)
  2 bats (D:1)
  A frilled lizard (D:1)
  3 rats (D:1)
9 creatures vanquished.

Vanquished Creatures (collateral kills)
  A leopard gecko (D:1)
  A giant cockroach (D:1)
  3 goblins (D:1)
  2 hobgoblins (D:1)
7 creatures vanquished.

Grand Total: 16 creatures vanquished

Notes
Turn   | Place    | Note
-------+----------+-------------------------------------------
     0 | D:1      | KristoblXynda the Mummy Summoner began the quest for the Orb.
     0 | D:1      | Reached XP level 1. HP: 13/13 MP: 4/4
   432 | D:1      | Reached XP level 2. HP: 6/19 MP: 0/6
   756 | D:1      | Slain by a giant cockroach

Vault maps used:
D:1:      mushboom_english_gardens

Skill      XL: |  1 |
---------------+----+-----
Spellcasting   | 3 |  3.1
Dodging        | |  1.5
Stealth        | |  1.5
Summonings     | |  3.6

Action                   || total
-------------------------++-------
Melee: Dagger            ||    50
 Cast: Summon Small Mamm ||    16
 Stab: Sleeping          ||     3
Armor: Robe              ||    13
Dodge: Dodged            ||    40

Table legend:
 A = Spawn XP
 B = Non-spawn XP
 C = Spawn XP percentage of total XP
 D = Spawn monster count
 E = Non-spawn monster count
 F = Spawn count percentage of total count
 G = Total turns spent on level
                    A         B        C        D         E        F      G
               +---------+---------+-------+---------+---------+-------+---------
         Total |       0 |      22 |   0.0 |       0 |      16 |   0.0 |   756
               +---------+---------+-------+---------+---------+-------+---------
           D:1 |       0 |      22 |   0.0 |       0 |      16 |   0.0 |   756
               +---------+---------+-------+---------+---------+-------+---------
